 Dungeon Crawl Stone Soup version 0.24.0-123-gd5b16e6ec5 (webtiles) character file.

Game seed: 12885118653765307612, levelgen mode: deterministic

401 HyperPerson7 the Sneak (level 6, -2/47 HPs)
             Began as a Vampire Assassin on Feb 2, 2020.
             Slain by a centaur (4 damage)
             ... on level 4 of the Dungeon.
             The game lasted 01:10:57 (6900 turns).

HyperPerson7 the Sneak (Vampire Assassin)           Turns: 6900, Time: 01:10:58

Health: -2/47      AC:  7    Str:  5 (8)  XL:     6   Next: 54%
Magic:  6/6        EV: 11    Int: 14 (15) God:
Gold:   164        SH:  0    Dex: 13 (14) Spells: 5/5 levels left

rFire    . . .     SeeInvis +   x - +3 dagger
rCold    . . .     Gourm    .   (no shield)
rNeg     . . .     Faith    .   u - +0 leather armour
rPois    .         Spirit   .   (no helmet)
rElec    .         Reflect  .   f - +1 cloak
rCorr    .         Harm     .   (no gloves)
MR       .....     Rnd*Tele +   (no boots)
Stlth    +++.......             (no amulet)
HPRegen  0.35/turn              n - ring of teleportation (curse)
MPRegen  0.10/turn              (no ring)

@: regenerating quickly
A: no food, fangs 3, iridescent scales 1, see invisible, clumsy 1, weak 1,
unbreathing, MP-powered wands
a: Exsanguinate


You were on level 4 of the Dungeon.
You were alive.

You visited 1 branch of the dungeon, and saw 5 of its levels.

You collected 164 gold pieces.

Inventory:

Hand Weapons
 a - a +0 trident
 x - a +3 dagger (weapon)
 z - a +0 long sword
Missiles
 d - 11 poisoned darts (quivered)
 j - 30 stones
Armour
 b - a +0 robe
 f - a +1 cloak (worn)
 o - a +0 ring mail
 u - a +0 leather armour (worn)
Jewellery
 n - a cursed ring of teleportation (left hand)
Scrolls
 e - a scroll of identify {unknown}
Potions
 i - a potion of mutation {!q}
 l - a potion of cancellation
 w - a potion of magic


   Skills:
 + Level 3.2 Fighting
 * Level 5.3 Short Blades
 + Level 2.4 Throwing
 - Level 1.1 Dodging
 + Level 7.7 Stealth


You had 5 spell levels left.
You didn't know any spells.
Your spell library was empty.

Dungeon Overview and Level Annotations

Branches:
Dungeon (5/15)
 Temple: D:4-7

Altars:
Ashenzari
Makhleb
Ru
Yredelemnul

Annotations:
D:3 Sigmund


Innate Abilities, Weirdness & Mutations

You do not eat.
Your natural rate of healing is unusually fast.
You have razor-sharp teeth.
You have supernaturally acute eyesight. (SInv)
You can survive without breathing.
You are partially covered in iridescent scales. (AC +2)
You are clumsy. (Dex -2)
You are weak. (Str -2)
You expend magic power (3 MP) to strengthen your wands.


Message History

Quiver which item? (- for none, * to show all) (? for menu, Esc to quit)
Quivering
c - a manual of Axes for throwing.
Tossing away (i - inventory. (/) - cycle)
c - a manual of Axes (quivered)
Press: ? - help, Shift-Dir - straight line, f - centaur
Aim: a centaur (severely wounded)
You toss away a manual of Axes.
The manual of Axes hits the centaur but does no damage.
The centaur is severely wounded.
Your surroundings seem slightly different.
Enter note: rippers
Okay, then.
Okay, then.
You hit the centaur but do no damage. You bite the centaur.
The centaur is almost dead.
The centaur barely misses you.
You hit the centaur but do no damage.
The centaur is almost dead.
The centaur hits you but does no damage.
The centaur hits you.
You die...

#......##.#.#........
##.....##.#....##...#
#.....#........##..#
#####..#......###.##
##..#.......#..##
#.:#######.......
##..ยง(.######<.#.#
###c..#......###.###
#..@..............##
#..................##
##...............#..#
##...#..........##..
##.###.........##..
### #.........###.
#...........#%
###....#..##..
#######.#...


You could see a centaur.

Vanquished Creatures
  A centaur skeleton (D:4)
  2 orc wizards
  Natasha (thrice) (D:2)
  3 worker ants (D:4)
  A gnoll (D:3)
  6 adders
  An ooze (D:4)
  2 adder skeletons
  2 worms
  2 dart slugs (D:1)
  3 leopard geckos
  4 orcs
  8 giant cockroaches
  4 hobgoblins
  10 jackals
  5 kobolds
  4 quokkas
  A ball python (D:4)
  6 bats
  3 frilled lizards
  8 goblins
  7 rats
86 creatures vanquished.

Notes
Turn   | Place    | Note
-------+----------+-------------------------------------------
     0 | D:1      | HyperPerson7 the Vampire Assassin began the quest for the
                  | Orb.
     0 | D:1      | Reached XP level 1. HP: 16/16 MP: 1/1
   543 | D:1      | Reached skill level 6 in Stealth
   543 | D:1      | Reached XP level 2. HP: 22/22 MP: 2/2
  1651 | D:2      | Found a sacrificial altar of Ru.
  2176 | D:2      | Noticed Natasha
  2208 | D:2      | Found a shattered altar of Ashenzari.
  2222 | D:2      | Reached XP level 3. HP: 26/27 MP: 3/3
  3737 | D:2      | Reached XP level 4. HP: 18/34 MP: 4/4
  4660 | D:2      | Killed Natasha
  4695 | D:2      | Found a shattered altar of Ashenzari.
  4696 | D:2      | Noticed Natasha
  4730 | D:2      | Killed Natasha
  4730 | D:2      | Reached skill level 7 in Stealth
  4730 | D:2      | Reached XP level 5. HP: 11/39 MP: 5/5
  4736 | D:2      | Noticed Natasha
  4740 | D:2      | Gained mutation: You are dopey. (Int -2) [potion of
                  | mutation]
  4740 | D:2      | Gained mutation: You are weak. (Str -2) [potion of
                  | mutation]
  4740 | D:2      | Gained mutation: You passively map a small area around you.
                  | [potion of mutation]
  5161 | D:3      | Found a basalt altar of Yredelemnul.
  5199 | D:3      | Found a glowing drain.
  5266 | D:3      | Noticed Sigmund
  5333 | D:3      | Found a burning altar of Makhleb.
  5642 | D:4      | Reached XP level 6. HP: 17/47 MP: 6/6
  5768 | D:4      | Reached skill level 5 in Short Blades
  6096 | D:3      | cool play
  6096 | D:3      | wtf how am I still alive
  6513 | D:1      | cool play
  6513 | D:1      | how am I not dead yet
  6513 | D:1      | natasha had 1 heal potion in her 2nd life
  6513 | D:1      | and then just used another 2
  6597 | D:1      | Lost mutation: You are dopey. (Int -2) [potion of mutation]
  6597 | D:1      | Lost mutation: You passively map a small area around you.
                  | [potion of mutation]
  6597 | D:1      | Gained mutation: You are clumsy. (Dex -2) [potion of
                  | mutation]
  6597 | D:1      | Gained mutation: You are partially covered in iridescent
                  | scales. (AC +2) [potion of mutation]
  6597 | D:1      | Gained mutation: You expend magic power (3 MP) to
                  | strengthen your wands. [potion of mutation]
  6682 | D:2      | Killed Natasha
  6837 | D:5      | Entered Level 5 of the Dungeon
  6897 | D:4      | HP: 1/47 [centaur (5)]
  6899 | D:4      | rippers
  6900 | D:4      | Slain by a centaur

Levels and vault maps discovered:
D:1:      dpeg_chamrin_arrival_tetris, layout_loops_corners
D:2:      layout_basic, overflow_temple_1_default,
          nicolae_ru_sacrificial_ziggurat, first_ration, uniq_natasha
D:3:      layout_loops_ring, nicolae_overflow_crystal_walls, old_standard_altar,
          gup_sewer_entry_glass, st_stairs_14, chequers_serial_rivers_large_a,
          uniq_sigmund
D:4:      layout_cave_pools, minmay_manual_mares
D:5:      layout_basic, bloody_trog, due_unseen_surprise

Skill      XL: |  1  2  3  4  5  6 |
---------------+-------------------+-----
Fighting       | 2 3 |  3.2
Stealth        | 6 7 |  7.7
Short Blades   | 3 4 5 |  5.3
Throwing       | 2 |  2.4
Dodging        | |  1.1

Action                   |  1- 3 |  4- 6 || total
-------------------------+-------+-------++-------
Melee: Dagger            |   117 |   222 ||   339
       Bite              |    13 |    22 ||    35
Throw: Dart              |     7 |    37 ||    44
       Stone             |    23 |       ||    23
  Use: Potion            |     1 |    14 ||    15
       Scroll            |     1 |    10 ||    11
 Stab: Sleeping          |     3 |     7 ||    10
Armor: Robe              |    12 |       ||    12
       Leather armour    |    21 |    46 ||    67
Dodge: Dodged            |    44 |   114 ||   158
